Map: 光影交错-天梯版

Players

JieShi

  • Race: Protoss Protoss

Cyan - Winner!

  • Race: Protoss Protoss
  • League: Master

Event: DreamHack SC2 Masters 2021 Winter

VOD

Have the link to the VOD?

Description

Time

  • Played on: Oct. 6, 2021, 7:47 a.m.
  • Length: 15:45

All games in this series

Show
View Real Time Build Order
Export as new Build Order

JieShi Protoss 

Build Orders:  

Get SALT Encoding   

  12  0:00  Probe  
  13  0:12  Probe  
  14  0:17  Pylon  
  14  0:24  Probe (Chrono Boost)  
  15  0:37  Gateway, Probe (Chrono Boost)  
  16  0:43  Probe (Chrono Boost)  
  16  0:46  Assimilator  
  17  0:51  Probe  
  17  0:54  Assimilator  
  18  1:03  Probe (Chrono Boost)  
  19  1:07  Gateway  
  19  1:12  Probe (Chrono Boost)  
  19  1:17  Probe (Chrono Boost)  
  20  1:25  Cybernetics Core  
  21  1:29  Probe  
  22  1:37  Pylon  
  22  1:41  Probe  
  23  1:55  Probe  
  24  2:01  Stalker x2  
  24  2:02  Warp Gate  
  28  2:09  Pylon  
  28  2:33  Stalker x2  
  31  2:50  Nexus  
  31  2:55  Probe  
  32  3:04  Shield Battery  
  31  3:08  Probe  
  31  3:09  Stalker  
  34  3:13  Stalker  
  34  3:20  Probe  
  33  3:29  Shield Battery  
  33  3:32  Probe  
  34  3:41  Twilight Council  
  34  3:44  Probe  
  35  3:56  Probe  
  35  3:59  Pylon  
  36  4:03  Probe  
  36  4:08  Probe  
  38  4:15  Probe  
  39  4:20  Probe  
  38  4:27  Stalker x2, Probe  
  38  4:30  Shield Battery  
  41  4:32  Blink (Chrono Boost)  
  41  4:33  Probe  
  40  4:44  Probe  
  40  4:45  Probe  
  42  4:50  Gateway  
  42  4:54  Stalker  
  44  5:02  Stalker  
  46  5:08  Probe x2  
  46  5:15  Robotics Facility  
  47  5:23  Stalker  
  47  5:25  Probe  
  45  5:32  Probe  
  46  5:37  Probe  
  46  5:40  Stalker  
  49  5:44  Gateway  
  49  5:45  Probe  
  49  5:48  Stalker  
  49  5:49  Probe  
  53  5:50  Shield Battery  
  54  5:57  Probe  
  54  5:59  Gateway  
  54  6:01  Probe  
  54  6:03  Observer  
  56  6:08  Stalker  
  56  6:09  Probe  
  59  6:11  Pylon  
  59  6:13  Probe  
  59  6:19  Stalker  
  59  6:21  Probe  
  62  6:25  Gateway, Probe  
  60  6:33  Probe  
  60  6:37  Warp Prism, Probe  
  64  6:45  Sentry x2  
  68  6:49  Gateway, Probe  
  69  6:56  Gateway  
  69  7:06  Assimilator  
  69  7:08  Gateway, Assimilator  
  69  7:10  Gateway  
  69  7:13  Pylon  
  69  7:15  Observer  
  70  7:28  Pylon  
  70  7:31  Probe  
  70  7:32  Probe  
  70  7:33  Pylon  
  72  7:37  Sentry  
  72  7:38  Stalker  
  72  7:44  Probe x2  
  78  7:56  Pylon  
  78  8:05  Nexus, Probe, Forge  
  76  8:06  Probe  
  78  8:18  Probe x2  
  80  8:21  Sentry x2  
  80  8:22  Stalker  
  86  8:32  Dark Shrine  
  86  8:39  Shield Battery  
  86  8:41  Protoss Ground Weapons Level 1 (Chrono Boost)  
  86  8:45  Photon Cannon  
  86  8:46  Photon Cannon  
  86  8:48  Observer  
  86  8:50  Sentry x2  
  90  8:58  Shield Battery  
  90  9:02  Adept x2  
  90  9:03  Probe  
  90  9:08  Observer  
  88  9:15  Probe  
  88  9:16  Probe  
  88  9:17  Probe  
  91  9:22  Observer  
  91  9:29  Probe  
  91  9:30  Stalker x2  
  97  9:33  Stalker  
  97  9:36  Stalker  
  100  9:40  Stalker  
  100  9:43  Observer  
  100  9:48  Probe  
  101  9:59  Photon Cannon  
  101  10:05  Dark Templar x2  
  101  10:06  Dark Templar x2  
  105  10:09  Dark Templar  
  107  10:21  Immortal (Chrono Boost)  
  107  10:22  Pylon  
  107  10:26  Probe  
  106  10:31  Probe x2  
  106  10:34  Protoss Ground Weapons Level 2 (Chrono Boost)  
  106  10:35  Robotics Bay  
  104  10:38  Probe  
  103  10:44  Probe x2  
  103  10:46  Photon Cannon  
  105  10:51  Photon Cannon  
  105  10:53  Observer  
  105  10:55  Probe  
  105  10:56  Probe  
  107  10:59  Immortal (Chrono Boost)  
  111  11:06  Gateway  
  111  11:11  Observer  
  111  11:13  Gateway  
  111  11:16  Probe  
  111  11:18  Assimilator  
  111  11:21  Assimilator  
  111  11:25  Pylon  
  111  11:27  Disruptor (Chrono Boost)  
  111  11:28  Pylon  
  114  11:34  Stalker  
  114  11:39  Pylon  
  116  11:45  Pylon  
  113  11:56  Probe x2  
  113  11:57  Probe, Disruptor  
  113  12:01  Nexus  
  119  12:02  Stalker x4  
  127  12:10  Stalker x2  
  131  12:19  Stalker x2  
  135  12:27  Stalker x4  
  135  12:29  Probe x3  
  145  12:30  Photon Cannon  
  145  12:34  Observer (Chrono Boost)  
  144  12:43  Pylon  
  144  12:44  Pylon  
  144  12:50  Photon Cannon  
  144  12:57  Pylon  
  144  13:01  Disruptor (Chrono Boost)  
  144  13:02  Nexus  
  144  13:04  Pylon  
  147  13:11  Stalker  
  147  13:12  Stalker x2  
  153  13:17  Stalker x2  
  153  13:18  Stalker  
  155  13:28  Stalker x2  
  159  13:35  Observer (Chrono Boost)  
  160  13:42  Stalker x3, Observer  
  160  13:45  Disruptor  
  160  13:46  Nexus  
  166  13:49  Shield Battery  
  166  13:52  Photon Cannon  
  166  13:53  Pylon  
  169  13:58  Stalker  
  171  14:12  Disruptor  
  171  14:14  Photon Cannon, Stalker x2  
  171  14:15  Stalker  
  179  14:24  Stalker  
  165  14:58  Pylon  
  162  15:03  Pylon  
  162  15:05  Probe  
  156  15:09  Photon Cannon  
  82  15:32  Stalker  
  82  15:33  Stalker x6  
  82  15:34  Stalker  
Show
View Real Time Build Order
Export as new Build Order

Cyan Protoss - Winner!

Build Orders: Mass Adepts 

Get SALT Encoding   

  12  0:00  Probe  
  13  0:12  Probe  
  14  0:17  Pylon  
  14  0:24  Probe (Chrono Boost)  
  15  0:36  Probe (Chrono Boost)  
  15  0:37  Gateway  
  16  0:44  Probe (Chrono Boost)  
  16  0:46  Assimilator  
  17  0:51  Probe  
  18  0:59  Assimilator  
  18  1:03  Probe (Chrono Boost)  
  19  1:08  Gateway  
  19  1:13  Probe (Chrono Boost)  
  19  1:18  Probe (Chrono Boost)  
  20  1:25  Cybernetics Core  
  21  1:29  Probe  
  22  1:34  Pylon  
  22  1:41  Probe  
  23  1:55  Probe  
  23  1:58  Warp Gate (Chrono Boost)  
  18  2:01  Adept x2  
  24  2:04  Pylon  
  24  2:07  Probe  
  29  2:14  Shield Battery  
  29  2:19  Probe  
  30  2:28  Pylon  
  30  2:33  Adept x2  
  34  2:50  Nexus  
  34  3:01  Probe  
  35  3:06  Adept x2  
  35  3:12  Pylon  
  39  3:26  Probe  
  36  3:27  Twilight Council  
  36  3:34  Shield Battery  
  36  3:38  Probe  
  37  3:45  Adept x2  
  41  3:53  Probe  
  43  4:02  Probe  
  43  4:05  Adept, Probe  
  43  4:07  Adept  
  47  4:15  Probe  
  47  4:20  Probe  
  43  4:30  Adept x2  
  43  4:31  Probe  
  47  4:39  Robotics Facility  
  47  4:42  Probe (Chrono Boost)  
  48  4:51  Probe (Chrono Boost)  
  49  4:55  Dark Shrine  
  49  4:56  Probe (Chrono Boost)  
  51  5:02  Probe (Chrono Boost)  
  51  5:03  Probe (Chrono Boost)  
  50  5:13  Probe  
  49  5:14  Probe  
  49  5:17  Adept x2  
  48  5:25  Probe (Chrono Boost)  
  48  5:27  Probe (Chrono Boost)  
  46  5:30  Observer  
  46  5:34  Pylon  
  47  5:37  Probe (Chrono Boost), Sentry x2  
  47  5:39  Probe (Chrono Boost)  
  53  5:44  Probe (Chrono Boost)  
  53  5:45  Probe (Chrono Boost)  
  55  5:51  Probe  
  55  5:52  Immortal (Chrono Boost)  
  55  5:54  Probe  
  61  6:03  Probe  
  62  6:06  Probe  
  62  6:07  Dark Templar x2  
  67  6:12  Pylon  
  67  6:13  Assimilator  
  67  6:16  Assimilator  
  65  6:28  Immortal (Chrono Boost)  
  65  6:32  Probe  
  64  6:33  Probe  
  64  6:34  Blink (Chrono Boost)  
  64  6:37  Gateway  
  59  6:44  Probe  
  59  6:45  Stalker  
  62  6:53  Gateway  
  62  6:54  Gateway  
  62  6:57  Probe  
  63  7:05  Immortal (Chrono Boost)  
  67  7:10  Shadow Stride  
  67  7:13  Stalker  
  69  7:17  Stalker  
  69  7:21  Gateway  
  71  7:35  Dark Templar  
  71  7:36  Dark Templar  
  75  7:37  Observer  
  75  7:40  Stalker  
  77  7:47  Pylon  
  77  7:49  Observer  
  77  7:51  Pylon  
  77  8:04  Warp Prism  
  79  8:08  Stalker x3  
  85  8:16  Stalker  
  85  8:17  Stalker  
  85  8:18  Pylon  
  89  8:24  Pylon  
  89  8:30  Stalker  
  89  8:31  Stalker  
  89  8:32  Stalker  
  93  8:39  Pylon  
  93  8:48  Nexus  
  93  8:57  Dark Templar x2  
  93  8:59  Observer  
  97  9:04  Dark Templar  
  99  9:10  Dark Templar  
  99  9:13  Shield Battery  
  99  9:16  Stalker  
  101  9:17  Stalker  
  101  9:23  Probe  
  102  9:47  Observer, Shield Battery  
  101  9:53  Probe  
  101  9:55  Forge  
  101  9:56  Stalker x5  
  112  10:04  Dark Templar  
  112  10:06  Shield Battery  
  114  10:11  Pylon  
  114  10:13  Probe  
  115  10:14  Observer (Chrono Boost)  
  115  10:15  Probe  
  115  10:16  Probe  
  118  10:23  Stalker x2  
  118  10:25  Probe  
  118  10:27  Stalker  
  121  10:29  Probe  
  121  10:31  Protoss Ground Weapons Level 1 (Chrono Boost)  
  122  10:38  Probe  
  122  10:43  Dark Templar  
  122  10:45  Stalker x2  
  128  10:54  Probe  
  128  10:56  Gateway, Probe  
  130  10:58  Gateway  
  130  11:00  Assimilator  
  130  11:02  Assimilator, Probe  
  131  11:06  Photon Cannon, Probe  
  132  11:13  Probe  
  132  11:16  Probe  
  134  11:21  Pylon  
  134  11:22  Pylon  
  134  11:27  Nexus  
  134  11:31  Pylon  
  134  11:38  Photon Cannon  
  133  11:40  Dark Templar, Pylon  
  133  11:43  Dark Templar  
  137  11:49  Dark Shrine  
  137  11:56  Probe x2  
  139  12:03  Photon Cannon  
  139  12:05  Stalker x3  
  139  12:07  Stalker  
  147  12:17  Stalker x2  
  151  12:25  Stalker x2  
  155  12:35  Observer  
  147  12:38  Stalker x4  
  147  12:42  Protoss Ground Weapons Level 2 (Chrono Boost)  
  153  12:46  Stalker x2  
  153  12:49  Probe x2  
  159  12:51  Probe  
  160  13:04  Probe  
  161  13:07  Robotics Bay, Probe  
  161  13:09  Shield Battery  
  161  13:11  Robotics Facility  
  162  13:23  Observer  
  160  13:28  Probe x2  
  162  13:34  Probe  
  162  13:35  Probe  
  162  13:37  Assimilator  
  162  13:40  Assimilator, Probe  
  163  13:43  Shield Battery  
  163  13:44  Photon Cannon  
  163  13:46  Photon Cannon  
  163  13:47  Stalker x2  
  163  13:48  Stalker x4, Charge (Chrono Boost), Pylon  
  175  13:55  Disruptor  
  178  14:05  Stalker  
  178  14:06  Disruptor  
  181  14:12  Gravitic Boosters (Chrono Boost), Pylon  
  181  14:14  Pylon  
  181  14:25  Stalker x3  
  181  14:31  Photon Cannon, Disruptor  
  190  14:41  Disruptor  
  190  14:45  Dark Templar x3  
  150  15:32  Stalker x4  
  150  15:33  Stalker x4  

Tags
 
Add a new tag
Caveats
  • Supply blocks, unpowered buildings, or Contaminate may cause inaccurate times.
  • Supply counts are checked every 10 seconds.